 Dungeon Crawl Stone Soup version 0.19-a0-1051-gdb7e7f8 (webtiles) character file.

394 Jmtri7 the Covert (level 6, -8/50 HPs)
             Began as a Deep Dwarf Artificer on Aug 1, 2016.
             Mangled by an ice beast (12 damage)
             ... on level 3 of the Dungeon.
             The game lasted 00:12:54 (2894 turns).

Jmtri7 the Covert (Deep Dwarf Artificer)            Turns: 2894, Time: 00:12:55

Health: -8/50      AC:  5    Str: 16    XL:     6   Next: 51%
Magic:  7/7        EV: 13    Int: 11    God:
Gold:   219        SH:  0    Dex: 15    Spells: 0 memorised, 5 levels left

rFire  . . .     SeeInvis .     y - +1 whip (vamp)
rCold  . . .     Gourm    .     x - +2 robe {rN+}
rNeg   + . .     Faith    .     (no shield)
rPois  .         Spirit   .     (no helmet)
rElec  .         Dismiss  .     (no cloak)
rCorr  .         Reflect  .     k - +0 pair of gloves
SustAt .         Harm     .     (no boots)
MR     +....                    (no amulet)
Stlth  ++++......               (no ring)
                                q - ring of protection from magic

@: non-regenerating, somewhat resistant to hostile enchantments, stealthy
A: damage resistance, recharge devices, sense surroundings 1, slow regeneration
3
a: Device Recharging


You were on level 3 of the Dungeon.
You were not hungry.

You visited 1 branch of the dungeon, and saw 3 of its levels.

You collected 219 gold pieces.

Inventory:

Hand Weapons
 t - a +0 dagger of speed
 y - a +1 vampiric whip (weapon)
Armour
 k - a +0 pair of gloves (worn)
 x - a +2 robe of positive energy (worn)
Jewellery
 q - a ring of protection from magic (left hand)
Wands
 c - a wand of flame (9/48)
 d - a wand of enslavement (11/24)
 e - a wand of random effects (15/48)
 f - a wand of heal wounds (5/9)
Scrolls
 h - a scroll of teleportation
 r - a scroll of fear
 v - 2 scrolls of magic mapping
Potions
 j - a potion of magic
 l - a potion of lignification {unknown}
 m - a potion of curing {unknown}
 n - a potion of heal wounds {unknown}
 o - a potion of brilliance {unknown}
 p - a potion of cancellation {unknown}
 s - a potion of beneficial mutation {unknown}
 u - a potion of mutation {unknown}
Comestibles
 a - 2 meat rations
 g - a bread ration
 w - 2 chunks of flesh


   Skills:
 - Level 0.8 Fighting
 - Level 0.8 Short Blades
 - Level 2.1 Dodging
 + Level 8.9 Stealth
 - Level 4.0 Evocations


You had 5 spell levels left.
You didn't know any spells.

Dungeon Overview and Level Annotations

Branches:
Dungeon (3/15)

Altars:
Kikubaaqudgha


Innate Abilities, Weirdness & Mutations

You are resistant to damage.
You can recharge devices by infusing magical energy.
You passively map a small area around you.
You do not regenerate naturally.


Message History

The ice beast hits you but does no damage.
You barely miss the ice beast.
The ice beast is severely wounded.
The ice beast completely misses you.
You hit the ice beast.
The ice beast is almost dead.
The ice beast barely misses you.
You barely miss the ice beast.
The ice beast is almost dead.
The ice beast barely misses you.
You hit the ice beast but do no damage.
The ice beast is almost dead.
The ice beast closely misses you. The ice beast misses you.
You barely miss the ice beast.
The ice beast is almost dead.
The ice beast closely misses you.
You hit the ice beast.
The ice beast is almost dead.
The ice beast hits you. The ice beast freezes you!
You die...

.)[.รท########...##........#.#
##.........(........###.....#####
#.##....####>#.....# #......>...
#.#...#.# #.#.....###.....##.#.
#.......# #.............#.##.#.
###...### #.###.#.#.......##.#.
#...# #.###.#.##########.## #...#
#.......# ########.##
####...######.##@..## #.....##...
..............#.Y[.####.....#####
........).....#.............# #.
.)...........##(#######.....# #.
####...################...>.# #.
#...# #######...######### #)
#...# ##...###...###...## #.
#...###....###...###....#####.
####.).##..#..##.....##..#..##...


You could see an ice beast.

Vanquished Creatures
  Sigmund (D:3)
  An orc priest (D:3)
  An orc wizard (D:3)
  4 adders
  4 dart slugs
  4 giant geckos
  4 orcs (D:3)
  6 giant cockroaches
  9 goblins
  3 hobgoblins
  A jackal (D:3)
  2 quokkas (D:3)
  7 bats
  A giant gecko skeleton (D:3)
  4 giant newts (D:1)
  8 kobolds
  6 rats
66 creatures vanquished.

Vanquished Creatures (collateral kills)
  An orc priest (D:3)
  An orc wizard (D:3)
  3 orcs (D:3)
  A kobold (D:3)
6 creatures vanquished.

Vanquished Creatures (others)
  An orc wizard (D:3)
  An orc (D:3)
2 creatures vanquished.

Grand Total: 74 creatures vanquished

Notes
Turn   | Place    | Note
-------+----------+-------------------------------------------
     0 | D:1      | Jmtri7 the Deep Dwarf Artificer began the quest for the Orb.
     0 | D:1      | Reached XP level 1. HP: 16/16 MP: 3/3
   133 | D:1      | Reached skill level 2 in Stealth
   263 | D:1      | Reached XP level 2. HP: 22/24 MP: 5/5
   314 | D:1      | Reached skill level 3 in Stealth
   886 | D:1      | Reached XP level 3. HP: 30/30 MP: 6/6
   980 | D:1      | Reached skill level 4 in Stealth
  1980 | D:3      | Reached skill level 5 in Stealth
  2019 | D:3      | Reached XP level 4. HP: 13/37 MP: 7/7
  2077 | D:3      | Reached skill level 6 in Stealth
  2131 | D:3      | Found an ancient bone altar of Kikubaaqudgha.
  2195 | D:3      | Reached XP level 5. HP: 21/43 MP: 8/8
  2264 | D:3      | Reached skill level 7 in Stealth
  2470 | D:3      | Noticed Sigmund
  2494 | D:3      | HP: 2/43 [something (11)]
  2495 | D:3      | Killed Sigmund
  2495 | D:3      | Reached skill level 8 in Stealth
  2495 | D:3      | Reached XP level 6. HP: 2/50 MP: 9/9
  2787 | D:3      | Noticed an ice beast
  2881 | D:3      | HP: 1/50 [ice beast (6)]
  2894 | D:3      | Mangled by an ice beast

Vault maps used:
D:1:      sevenhm_arrival_forest_fort_small_3
D:2:      st_stairs_2
D:3:      kiku_gazebo_pond_becter, hangedman_glass_teeth, uniq_sigmund

Skill      XL: |  1  2  3  4  5 |
---------------+----------------+-----
Stealth        | 2 3 5 6 8 |  8.9
Fighting       | |  0.8
Short Blades   | |  0.8
Dodging        | |  2.1
Evocations     | |  4.0

Action                   |  1- 3 |  4- 6 || total
-------------------------+-------+-------++-------
Melee: Short sword       |    66 |       ||    66
       Dagger            |   129 |   114 ||   243
       Whip              |       |    45 ||    45
 Abil: Device Recharging |       |     2 ||     2
Evoke: Wand              |     3 |    14 ||    17
  Use: Scroll            |     4 |     6 ||    10
 Stab: Sleeping          |    12 |     7 ||    19
  Eat: Chunk             |     4 |     2 ||     6
       Pizza             |       |     2 ||     2
       Bread ration      |       |     1 ||     1
Armor: Robe              |    45 |    34 ||    79
Dodge: Dodged            |   122 |   117 ||   239
